 Dungeon Crawl Stone Soup version 0.20-a0-1089-g3fde505 (console) character file.

3516 nht the Cruncher (level 10, -5/88 HPs)
             Began as an Ogre Gladiator on May 2, 2017.
             Was an Elder of Makhleb.
             Killed from afar by an orc wizard (8 damage)
             ... with a magic dart
             ... on level 9 of the Dungeon.
             The game lasted 00:13:13 (6530 turns).

nht the Cruncher (Ogre Gladiator)                   Turns: 6530, Time: 00:13:15

Health: -5/88      AC:  7    Str: 20    XL:     10   Next: 8%
Magic:  16/16      EV: 10    Int: 15    God:    Makhleb [****..]
Gold:   465        SH:  0    Dex: 10    Spells: 9/9 levels left

rFire    + . .     SeeInvis .   a - +0 quarterstaff
rCold    + . .     Gourm    .   (shield currently unavailable)
rNeg     . . .     Faith    +   w - +2 robe {rC+}
rPois    .         Spirit   .   c - +1 hat
rElec    .         Reflect  .   v - +0 cloak
rCorr    .         Harm     .   (gloves unavailable)
MR       +....                  (boots unavailable)
Stlth    +.........             x - amulet of faith
Regen    0.3/turn               G - ring of protection from fire
MPRegen  0.2/turn               e - +3 ring of intelligence

@: drained
A: unfitting armour, tough skin 1
a: Minor Destruction, Lesser Servant of Makhleb, Major Destruction, Renounce
Religion


You were on level 9 of the Dungeon.
You worshipped Makhleb.
Makhleb was greatly pleased with you.
You were not hungry.

You visited 1 branch of the dungeon, and saw 9 of its levels.

You collected 465 gold pieces.

Inventory:

Hand Weapons
 a - a +0 quarterstaff (weapon)
 l - the cursed +2 dagger "Yfryrgh" {antimagic, MR+, unknown}
   (You found it on level 8 of the Dungeon)

   It reduces the magical energy of the wielder, and disrupts the spells and
   magical abilities of those hit.
   Natural abilities and divine invocations are not affected.
   It affects your resistance to hostile enchantments.
   It has a curse placed upon it.
Missiles
 d - 5 throwing nets (quivered)
 s - 2 tomahawks
 y - 8 javelins
Armour
 c - a +1 hat (worn)
 g - a +0 shield
 v - a +0 cloak (worn)
 w - a +2 robe of cold resistance (worn)
Jewellery
 e - a +3 ring of intelligence (right hand)
 x - an amulet of faith (around neck)
 F - a +2 amulet of reflection {unknown}
 G - a ring of protection from fire (left hand)
Wands
 q - a wand of iceblast (15/15)
 t - a wand of paralysis (19/24)
 B - a wand of flame (39/48)
 E - a wand of disintegration (12/24)
Scrolls
 i - 7 scrolls of teleportation
 n - 3 scrolls of remove curse
 r - 3 scrolls of amnesia
 u - 2 scrolls of blinking
 A - 2 scrolls of fog
 D - a scroll of magic mapping
Potions
 b - a potion of ambrosia
 h - 2 potions of curing
 j - 3 potions of heal wounds
 m - a potion of might
 C - a potion of resistance
 H - a potion of mutation {unknown}
Comestibles
 f - 4 bread rations
 k - 10 meat rations
 o - 7 fruits
 p - 3 royal jellies
 z - 3 chunks of flesh


   Skills:
 - Level 2.6 Fighting
 + Level 11.8(11.7) Staves
 - Level 2.0(1.9) Throwing
 - Level 2.6 Dodging
 + Level 8.6(8.5) Invocations


You had 9 spell levels left.
You didn't know any spells.

Dungeon Overview and Level Annotations

Branches:
Dungeon (9/15)             Temple (0/1) D:5
   Lair: D:8-11         Orc: D:9-12

Altars:
Ashenzari
Cheibriados
Dithmenos
Gozag
Makhleb
Nemelex Xobeh
Vehumet


Innate Abilities, Weirdness & Mutations

You are too large for most types of armour.
You have tough skin. (AC +1)


Message History

Press: ? - help, Shift-Dir - straight line, f/p - orc warrior
Aim: an orc warrior, wielding a dire flail and wearing a plate armour (lightly wounded)
The glob of acid hits the orc warrior.
The orc warrior is splashed with acid.
The orc warrior is severely wounded.
Something hits you.
Press: ? - help, Shift-Dir - straight line, f/p - orc warrior
Aim: an orc warrior, wielding a dire flail and wearing a plate armour (severely wounded)
The glob of acid misses the orc warrior.
The orc warrior hits you with a dire flail!
* * * LOW HITPOINT WARNING * * *
Something hits you but does no damage.
Press: ? - help, Shift-Dir - straight line, f/p - orc warrior
Aim: an orc warrior, wielding a dire flail and wearing a plate armour (severely wounded)
The glob of acid misses the orc warrior.
The orc warrior hits you with a dire flail!
* * * LOW HITPOINT WARNING * * *
You hear some strange, mumbled words.
A magic dart appears from out of thin air!
The magic dart hits you!
You die... ████+█████

██.........
..........
█..%......
█..o.†....
█@█ ██.█
██..█ █..██


███'██████████ █............█ █............█ █............█ █............█ You
could see an orc warrior.

Vanquished Creatures
  The ghost of StylePro the Chopper, a novice DDFi (D:5)
  2 hippogriffs
  Grinder (D:4)
  The ghost of Paps the Covert, an amateur OpAs (D:3)
  A water moccasin (D:5)
  An orc warrior (D:8)
  2 sky beasts (D:7)
  2 ogres
  A centaur (D:6)
  2 bullfrogs
  A big kobold (D:4)
  A wyvern skeleton (D:7)
  A scorpion (D:8)
  3 wights (D:9)
  2 howler monkeys
  3 crimson imps
  3 hounds
  2 jellies
  4 orc wizards
  4 bullfrog zombies (D:6)
  2 centaur skeletons (D:6)
  8 orc priests
  A bullfrog skeleton (D:6)
  4 worker ants
  3 iguanas
  A hound zombie (D:6)
  4 hound skeletons
  2 howler monkey zombies (D:6)
  2 worker ant zombies (D:6)
  10 gnolls
  4 adders
  2 oozes
  An adder skeleton (D:5)
  3 worms
  3 dart slugs
  6 leopard geckos
  34 orcs
  7 bats
  4 giant cockroaches
  7 goblins
  4 hobgoblins
  8 jackals
  13 kobolds
  7 quokkas
  3 ball pythons
  6 frilled lizards
  A leopard gecko zombie (D:5)
  2 quokka skeletons (D:6)
  7 rats
197 creatures vanquished.

Notes
Turn   | Place    | Note
-------+----------+-------------------------------------------
     0 | D:1      | nht the Ogre Gladiator began the quest for the Orb.
     0 | D:1      | Reached XP level 1. HP: 22/22 MP: 1/1
    78 | D:1      | Reached XP level 2. HP: 11/29 MP: 2/2
   576 | D:2      | Reached skill level 4 in Staves
   614 | D:2      | You fall through a shaft!
   627 | D:3      | Reached XP level 3. HP: 23/36 MP: 3/3
   673 | D:3      | Reached XP level 4. HP: 27/44 MP: 4/4
  1047 | D:2      | Reached skill level 5 in Staves
  1347 | D:2      | Found a burning altar of Makhleb.
  1400 | D:2      | Became a worshipper of Makhleb the Destroyer
  1891 | D:3      | Reached XP level 5. HP: 47/50 MP: 5/5
  1920 | D:3      | Found a snail-covered altar of Cheibriados.
  1921 | D:3      | Found a radiant altar of Vehumet.
  2100 | D:3      | Noticed Paps's ghost (amateur OpAs)
  2124 | D:3      | Killed Paps's ghost
  2124 | D:3      | Reached skill level 6 in Staves
  2124 | D:3      | Reached XP level 6. HP: 41/59 MP: 6/6
  2205 | D:3      | Reached * piety under Makhleb
  2419 | D:4      | Noticed Grinder
  2428 | D:4      | Killed Grinder
  2428 | D:4      | Reached skill level 7 in Staves
  2428 | D:4      | Reached XP level 7. HP: 42/66 MP: 7/7
  2441 | D:4      | Reached skill level 8 in Staves
  3114 | D:4      | Reached skill level 9 in Staves
  3158 | D:4      | Reached skill level 1 in Invocations
  3374 | D:5      | Entered Level 5 of the Dungeon
  3418 | D:5      | Found a sparkling altar of Nemelex Xobeh.
  3446 | D:5      | Found an opulent altar of Gozag.
  3451 | D:5      | Found a staircase to the Ecumenical Temple.
  3456 | D:5      | Found a shadowy altar of Dithmenos.
  3457 | D:5      | Found a shattered altar of Ashenzari.
  3463 | D:5      | Reached XP level 8. HP: 74/74 MP: 9/9
  3473 | D:5      | Noticed StylePro's ghost (novice DDFi)
  3501 | D:5      | Killed StylePro's ghost
  3686 | D:5      | Reached ** piety under Makhleb
  3923 | D:5      | Reached skill level 10 in Staves
  4193 | D:6      | Noticed a hippogriff
  4205 | D:6      | Killed a hippogriff
  4205 | D:6      | Reached skill level 5 in Invocations
  4281 | D:6      | Reached XP level 9. HP: 71/80 MP: 11/13
  4517 | D:6      | Reached *** piety under Makhleb
  5161 | D:7      | Reached skill level 11 in Staves
  5904 | D:8      | Reached **** piety under Makhleb
  6087 | D:8      | Reached XP level 10. HP: 88/88 MP: 16/16
  6120 | D:8      | Got a crystal dagger
  6530 | D:9      | HP: 3/88 [orc warrior/dire flail (13)]
  6530 | D:9      | Killed from afar by an orc wizard

Vault maps used:
D:1:      saegor_arrival_simple_c, hex_large
D:2:      bloody_makhleb
D:3:      minmay_door_path, gammafunk_temple_overflow_pools
D:4:      uniq_grinder
D:5:      nemelex_xobeh_ov_fountains_minmay, grunt_temple_overflow_open,
          minmay_temple_entry_hall, first_bread
D:6:      serial_undead, serial_undead_f, serial_undead_c, serial_undead_d,
          serial_undead_c
D:8:      lemuel_old_faithful
D:9:      xom_redecorated, due_lair_maze_entry_diamond, orc_0_dummy

Skill      XL: |  1  2  3  4  5  6  7  8  9 |
---------------+----------------------------+-----
Staves         | 4 5 6 7 9 10 11 | 11.8
Invocations    | 1 5 8 |  8.6
Fighting       | |  2.6
Throwing       | |  2.0
Dodging        | |  2.6

Action                   |  1- 3 |  4- 6 |  7- 9 | 10-12 || total
-------------------------+-------+-------+-------+-------++-------
Melee: Quarterstaff      |    70 |   143 |   286 |    25 ||   524
Throw: Throwing net      |       |       |     2 |       ||     2
Invok: Minor Destruction |       |       |   151 |    33 ||   184
Evoke: Wand              |       |     4 |     8 |       ||    12
  Use: Scroll            |     3 |     5 |     5 |     2 ||    15
       Potion            |     4 |     2 |     7 |       ||    13
 Stab: Sleeping          |       |     2 |       |       ||     2
       Paralysed         |       |     5 |       |       ||     5
       Held in net/web   |       |       |     1 |       ||     1
  Eat: Chunk             |       |     5 |    12 |     1 ||    18
Armor: Robe              |    15 |    28 |    72 |     8 ||   123
Dodge: Dodged            |    39 |    75 |   101 |    14 ||   229
